 Dungeon Sprint DCSS version 0.21.0-26-g889b8f6 (webtiles) character file.

1800000 doot the Conqueror (level 22, -25/212 HPs)
             Began as a Formicid Chaos Knight on Jan 27, 2018.
             Was a High Priest of Makhleb.
             Annihilated by a destroyer
             ... wielding a +9 great sword of slicing
              (54 damage)
             ... in the Dungeon (Sprint VIII: "Arena of Blood").
             The game lasted 00:01:08 (18 turns).

doot the Conqueror (Formicid Chaos Knight)            Turns: 18, Time: 00:01:08

Health: -25/212    AC:  8    Str: 18    XL:     22   Next: 33%
Magic:  20/46      EV: 32    Int: 14    God:    Makhleb [*****.]
Gold:   0          SH:  0    Dex: 17    Spells: 62/62 levels left

rFire    . . .     SeeInvis +   i - +โˆž Axe of Woe
rCold    . . .     Gourm    .   (no shield)
rNeg     . . .     Faith    .   a - +2 leather armour
rPois    .         Spirit   .   (helmet unavailable)
rElec    .         Reflect  .   (no cloak)
rCorr    .         Harm     .   (no gloves)
MR       ++...                  (no boots)
Stlth    +++++++++.             (no amulet)
HPRegen  0.45/turn              (no ring)
MPRegen  0.30/turn              (no ring)

@: no status effects
A: permanent stasis, dig shafts and tunnels, four strong arms, antennae 3
a: Dig, Minor Destruction, Lesser Servant of Makhleb, Major Destruction, Greater
Servant of Makhleb, Renounce Religion


You were in the Dungeon.
You worshipped Makhleb.
Makhleb was extremely pleased with you.
You were not hungry.

You visited 1 branch

Inventory:

Hand Weapons
 i - the +โˆž Axe of Woe (weapon)
   (You found it in the Dungeon)
Armour
 a - a +2 leather armour (worn)
Scrolls
 h - a scroll of blinking
Potions
 c - a potion of curing
 d - a potion of heal wounds
 e - a potion of haste
 f - 2 potions of magic
 g - a potion of berserk rage
Comestibles
 b - a ration


   Skills:
 O Level 27 Fighting
 O Level 27 Axes
 + Level 20.8 Throwing
 O Level 27 Armour
 O Level 27 Dodging
 + Level 25.6 Stealth
 O Level 27 Unarmed Combat
 + Level 20.8 Spellcasting
 + Level 23.9 Invocations


You had 62 spell levels left.
You didn't know any spells.

Dungeon Overview and Level Annotations

Branches:
Dungeon (1/1)

Altars:
Makhleb


Innate Abilities, Weirdness & Mutations

You cannot be hasted, slowed, berserked, paralysed or teleported.
You can dig through walls and to a lower floor.
Your four strong arms can wield two-handed weapons with a shield.
You have a pair of large antennae on your head. (SInv)


Message History

Makhleb accepts your kill.
Your Throwing skill gained 2 levels and is now at level 20!
Your Stealth skill gained 2 levels and is now at level 25!
Your Spellcasting skill gained 2 levels and is now at level 20!
Your Invocations skill gained 2 levels and is now at level 23!
You have reached level 22!
You hear a shout! x2
The destroyer blinks!
You hear a shout! x2
A bag of meat comes into view. It is wielding a +9 war axe.
You hear a shout!
The bag of meat hits you with a +9 war axe!
You hear a shout! x5
The bag of meat hits you but does no damage.
You hear a shout!
The destroyer hits you with a +9 great sword of slicing!!!!!
Ouch! That really hurt!
* * * LOW HITPOINT WARNING * * *
You die...
Xom thinks this is hilarious!

..............o
.........o....o.O.#
.........o......o..O
...............oo...# {
#.......#....oo..O... {
#.......#...O..o.O..#
.###.......###)).O....ยง.
......###.....).OV....##
......_..))))))@.......
#.....#...oooo#.#...
#_.<._.))....o....
#.....#......#.#.#.
......_...oo...O......
......###.......o.#.#.#.
.###.. ...###....... #..
...# ......... #. ....#{
.....


You could see a destroyer, a large bag of meat (inner flame), 7 meat berserkers
and 17 bags of meat.

Vanquished Creatures
  9 ogres (D)
  10 orcs (D)
19 creatures vanquished.

Notes
Turn   | Place    | Note
-------+----------+-------------------------------------------
     0 | D        | Found the +โˆž Axe of Woe
     0 | D        | doot the Formicid Chaos Knight began the quest for the Orb.
     0 | D        | Reached XP level 1. HP: 18/18 MP: 1/1
     3 | D        | Noticed a bag of meat
     3 | D        | Noticed a bag of meat
     3 | D        | Noticed a bag of meat
     4 | D        | Noticed a bag of meat
     4 | D        | Fell from the grace of Xom
     4 | D        | Became a worshipper of Makhleb the Destroyer
     5 | D        | Noticed a bag of meat
     5 | D        | Noticed a meat berserker
     6 | D        | Noticed a bag of meat
     6 | D        | Noticed a meat berserker
     6 | D        | Noticed a bag of meat
     7 | D        | Killed a meat berserker
     7 | D        | Reached skill level 15 in Axes
     7 | D        | Reached XP level 2. HP: 52/52 MP: 2/2
     7 | D        | Reached XP level 3. HP: 59/59 MP: 3/3
     7 | D        | Reached XP level 4. HP: 66/66 MP: 4/4
     7 | D        | Reached XP level 5. HP: 73/73 MP: 5/5
     7 | D        | Reached XP level 6. HP: 80/80 MP: 6/6
     7 | D        | Reached XP level 7. HP: 87/87 MP: 7/7
     7 | D        | Reached XP level 8. HP: 94/94 MP: 8/8
     7 | D        | Reached XP level 9. HP: 101/101 MP: 9/9
     7 | D        | Reached XP level 10. HP: 108/108 MP: 10/10
     7 | D        | Reached XP level 11. HP: 115/115 MP: 11/11
     7 | D        | Reached XP level 12. HP: 122/122 MP: 12/12
     7 | D        | Reached XP level 13. HP: 129/129 MP: 13/13
     8 | D        | Noticed a meat berserker
     8 | D        | Noticed a bag of meat
     8 | D        | Killed a bag of meat
     8 | D        | Reached * piety under Makhleb
     8 | D        | Reached XP level 14. HP: 120/141 MP: 14/14
     8 | D        | Killed a bag of meat
     8 | D        | Reached XP level 15. HP: 128/151 MP: 15/15
     9 | D        | Noticed a meat berserker
     9 | D        | Killed a meat berserker
     9 | D        | Reached skill level 15 in Armour
     9 | D        | Reached XP level 16. HP: 140/164 MP: 16/16
     9 | D        | Reached ** piety under Makhleb
     9 | D        | Reached skill level 27 in Fighting
     9 | D        | Reached skill level 5 in Dodging
    10 | D        | Noticed a meat berserker
    12 | D        | Noticed a meat berserker
    12 | D        | Noticed a meat berserker
    12 | D        | Reached skill level 27 in Unarmed Combat
    12 | D        | Reached XP level 17. HP: 166/174 MP: 17/17
    12 | D        | Killed a meat berserker
    12 | D        | Reached *** piety under Makhleb
    12 | D        | Reached XP level 18. HP: 182/182 MP: 18/18
    12 | D        | Reached skill level 27 in Axes
    13 | D        | Noticed a meat berserker
    13 | D        | Noticed a meat berserker
    14 | D        | Noticed a meat berserker
    15 | D        | Noticed a meat berserker
    15 | D        | Noticed a meat berserker
    15 | D        | Reached skill level 10 in Dodging
    15 | D        | Reached **** piety under Makhleb
    15 | D        | Reached skill level 27 in Armour
    15 | D        | Reached XP level 19. HP: 177/189 MP: 19/19
    15 | D        | Killed a meat berserker
    15 | D        | Noticed a destroyer
    16 | D        | Noticed a meat berserker
    16 | D        | Killed a meat berserker
    16 | D        | Reached skill level 27 in Dodging
    16 | D        | Reached XP level 20. HP: 197/197 MP: 20/20
    16 | D        | Reached ***** piety under Makhleb
    17 | D        | Noticed a large bag of meat
    17 | D        | Noticed a meat berserker
    17 | D        | Noticed a meat berserker
    17 | D        | Killed a meat berserker
    17 | D        | Reached skill level 15 in Invocations
    17 | D        | Reached XP level 21. HP: 204/204 MP: 20/38
    17 | D        | Killed a meat berserker
    17 | D        | Killed a meat berserker
    17 | D        | Killed a meat berserker
    17 | D        | Reached XP level 22. HP: 212/212 MP: 20/46
    18 | D        | Annihilated by a destroyer

Skill      XL: |  1  2  3  4  5  6  7  8  9 10 11 12 13 14 15 16 17 18 19 20 21 |
---------------+----------------------------------------------------------------+-----
Fighting       | 20 22 23 26 27 | 27.0
Axes           | 15 17 18 19 22 26 27 | 27.0
Armour         | 11 12 13 15 18 21 27 | 27.0
Dodging        | 3 4 5 7 18 27 | 27.0
Unarmed Combat | 18 20 21 23 27 | 27.0
Throwing       | 13 20 | 20.8
Stealth        | 17 25 | 25.6
Spellcasting   | 13 20 | 20.8
Invocations    | 15 23 | 23.9

Action                   |  1- 3 |  4- 6 |  7- 9 | 10-12 | 13-15 | 16-18 | 19-21 | 22-24 || total
-------------------------+-------+-------+-------+-------+-------+-------+-------+-------++-------
Melee: Executioner's axe |     1 |       |       |       |     2 |     2 |     2 |       ||     7
 Abil: Dig               |     1 |       |       |       |       |       |       |       ||     1
Armor: Leather armour    |       |       |       |       |       |       |       |     1 ||     1
Dodge: Dodged            |       |       |       |       |       |     1 |       |       ||     1
